 Dungeon Crawl Stone Soup version 0.28-b1-25-g9875b3fc8c (webtiles) character file.

Game seed: 15369982274680688728

37 Ajdolov the Chopper (level 3, -3/31 HPs)
             Began as a Hill Orc Fighter on Feb 7, 2022.
             Slain by Crazy Yiuf (14 damage)
             ... on level 2 of the Dungeon.
             The game lasted 00:01:14 (1462 turns).

Ajdolov the Chopper (Hill Orc Fighter)              Turns: 1462, Time: 00:01:14

Health: -3/31      AC:  6    Str: 20    XL:     3   Next: 39%
Magic:  3/3        EV:  9    Int:  8    God:
Gold:   116        SH:  4    Dex: 10    Spells: 2/2 levels left

rFire   . . .      SeeInvis .   a - +0 war axe
rCold   . . .      Faith    .   c - +0 buckler
rNeg    . . .      Spirit   .   b - +0 scale mail
rPois   .          Reflect  .   (no helmet)
rElec   .          Harm     .   (no cloak)
rCorr   .          Rampage  .   (no gloves)
Will    .....                   (no boots)
Stlth   ..........              (no amulet)
HPRegen 0.10/turn               (no ring)
MPRegen 0.08/turn               (no ring)

@: no status effects
A: no striking features
a: no special abilities


You were on level 2 of the Dungeon.
You visited 1 branch of the dungeon, and saw 2 of its levels.

You collected 116 gold pieces.

Inventory:

Hand Weapons
 a - a +0 war axe (weapon)
Armour
 b - a +0 scale mail (worn)
 c - a +0 buckler (worn)
Scrolls
 f - a scroll of magic mapping {unknown}
 h - a scroll of identify {unknown}
Potions
 d - a potion of might
 e - a potion of resistance {unknown}
 g - a potion of heal wounds {unknown}


   Skills:
 - Level 3.6 Fighting
 + Level 5.0 Axes
 - Level 3.2 Armour
 - Level 3.2 Shields


You had 2 spell levels left.
You didn't know any spells.
Your spell library contained the following spells:

 Spells                   Type           Power      Damage    Failure   Level
 Gell's Gravitas          Tloc           0%         N/A       99%         3
 Lesser Beckoning         Tloc           0%         N/A       99%         3
 Teleport Other           Tloc           0%         N/A       99%         3


Dungeon Overview and Level Annotations

Branches:
Dungeon (2/15)

Altars:

Annotations:
D:2 Crazy Yiuf


Message History

The ball python constricts you. You block the kobold's attack.
You slash the ball python!
You kill the ball python!
You slash the kobold!
You kill the kobold!
No target in view!
HP restored.
Things that are here:
a +0 short sword; a ball python corpse
Found an escape hatch in the ceiling.
You now have 92 gold pieces (gained 15).
You now have 96 gold pieces (gained 4).
You now have 105 gold pieces (gained 9).
You now have 116 gold pieces (gained 11).
Found a mace.
Found a runed translucent door.
Crazy Yiuf shouts!
Crazy Yiuf grits, "Cake!"
A hobgoblin comes into view.
The hobgoblin shouts!
The hobgoblin hits you.
You slash the hobgoblin!
You kill the hobgoblin!
Your Axes skill increases to level 5!
No target in view!
Press: ? - help, v - describe, . - travel
Here: Crazy Yiuf, wielding a +3 quarterstaff of chaos and wearing a +0 cloak (fire blocked by a runed translucent door)
The floor.
You open the door. You barely miss Crazy Yiuf.
Crazy Yiuf cries, "You leg down broken song, no?"
Crazy Yiuf hits you with a +3 quarterstaff of chaos.
You block Crazy Yiuf's attack.
You slash Crazy Yiuf!
Crazy Yiuf is heavily wounded.
Crazy Yiuf hits you with a +3 quarterstaff of chaos!
Crazy Yiuf freezes you.
You hit Crazy Yiuf.
Crazy Yiuf is heavily wounded.
Crazy Yiuf hits you with a +3 quarterstaff of chaos!
You die...

....###.
#######.##....
#........#....
#...#.... #...#....
#........ ###
♣♣##........ #)..#♣♣
♣♣.+.........
#...g@♣♣♣♣.......#....
#...#♣..♣........####.
### ♣♣♣.♣..+.#### #.
♣♣♣♣♣### ## #


You could see Crazy Yiuf.

Vanquished Creatures
  A dart slug (D:2)
  5 ball pythons
  2 bats (D:1)
  2 endoplasms (D:1)
  2 giant cockroaches
  A goblin (D:1)
  5 hobgoblins
  A jackal (D:1)
  6 kobolds
  A quokka (D:1)
  A frilled lizard (D:1)
  2 rats (D:1)
29 creatures vanquished.

Notes
Turn   | Place    | Note
-------+----------+-------------------------------------------
     0 | D:1      | Ajdolov the Hill Orc Fighter began the quest for the Orb.
     0 | D:1      | Reached XP level 1. HP: 19/19 MP: 1/1
   111 | D:1      | Reached skill level 3 in Axes
   271 | D:1      | Reached XP level 2. HP: 23/26 MP: 2/2
   439 | D:1      | Reached skill level 4 in Axes
  1000 | D:1      | Found a faded altar of an unknown god.
  1192 | D:2      | Reached XP level 3. HP: 29/31 MP: 3/3
  1429 | D:2      | Found a runed translucent door.
  1430 | D:2      | Noticed Crazy Yiuf
  1446 | D:2      | Reached skill level 5 in Axes
  1462 | D:2      | Slain by Crazy Yiuf

Illustrated notes

Levels and vault maps discovered:
D:1:      dpeg_arrival_brainrot, layout_loops_ring,
          shapermc_ecumenical_altar_ellora, st_stairs_9, minmay_hedge_maze
D:2:      layout_rooms, nrook_loot_triangle, uniq_crazy_yiuf_cottage

Skill      XL: |  1  2  3 |
---------------+----------+-----
Axes           | 3 4 5 |  5.0
Fighting       | |  3.6
Armour         | |  3.2
Shields        | |  3.2

Action                   || total
-------------------------++-------
Melee: War axe           ||    66
Armor: Scale mail        ||    45
Dodge: Dodged            ||    38
Block: Buckler           ||    28
